 Dungeon Crawl Stone Soup version 0.31-a0-188-g5e087ee2ca (webtiles) character file.

Game seed: 13560965157464579110

275 qw the Skirmisher (level 6, -4/36 HPs)
             Began as a Deep Elf Hunter on June 23, 2023.
             Slain by a hobgoblin (5 damage)
             ... on level 4 of the Dungeon.
             The game lasted 00:01:05 (2885 turns).

qw the Skirmisher (Deep Elf Hunter)                 Turns: 2885, Time: 00:01:06

Health: -4/36      AC:  6    Str: 10    XL:     6   Next: 3%
Magic:  8/8        EV: 11    Int: 14    God:
Gold:   202        SH:  0    Dex: 18    Spells: 5/5 levels left

rFire   . . .        Y - +0 shortbow
rCold   . . .        (shield currently unavailable)
rNeg    . . .        l - +1 ring mail
rPois   .            (no helmet)
rElec   .            (no cloak)
rCorr   .            (no gloves)
SInv    .            (no boots)
Will    .....        (no amulet)
Stlth   +            (no ring)
HPRegen 0.26/turn    (no ring)
MPRegen 0.11/turn

%: no passive effects
@: about to teleport
A: no striking features
a: no special abilities


You were on level 4 of the Dungeon.
You visited 1 branch of the dungeon, and saw 4 of its levels.

You collected 202 gold pieces.


   Skills:
 - Level 2.5 Fighting
 + Level 9.0 Ranged Weapons
 - Level 2.4 Dodging
 - Level 1.2 Stealth


You had 5 spell levels left.
You didn't know any spells.
Your spell library was empty.

Inventory:

Hand Weapons
 Y - a +0 shortbow (weapon)
Armour
 l - a +1 ring mail (worn)
Scrolls
 h - 7 scrolls of identify
Potions
 a - a potion of resistance {unknown}
 b - a potion of cancellation {unknown}
 d - a potion of haste {unknown}
 g - 5 potions of curing
 n - a potion of might

Dungeon Overview and Level Annotations

Branches:
Dungeon (4/15)
 Temple: D:4-7

Altars:
Cheibriados
Kikubaaqudgha
Makhleb
Trog

Annotations:
D:4 Ijyb, Robin


Message History

Robin throws Ijyb at you! Ijyb hits you but does no damage.
You shoot an arrow. The arrow hits Ijyb but does no damage.
Ijyb misses you.
A goblin comes into view. It is wielding a +0 club.
Ijyb screams, "I no like you!" Ijyb hits you but does no damage.
You shoot an arrow. The arrow hits Ijyb.
Ijyb is lightly wounded.
Ijyb zaps a wand.
The puff of flame hits you!
You shoot an arrow. The arrow hits Ijyb but does no damage.
Ijyb is lightly wounded.
The goblin hits you but does no damage. Ijyb hits you with a +0 dagger.
You shoot an arrow. The arrow hits Ijyb.
Ijyb is lightly wounded.
The goblin misses you.
Ijyb zaps a wand.
The puff of flame hits you.
You shoot an arrow. The arrow hits Ijyb.
Ijyb is moderately wounded.
The goblin hits you but does no damage.
Robin says, "A pitiful Elf like you will never find the ORB!"
Robin hits you but does no damage. Ijyb closely misses you.
You shoot an arrow. The arrow closely misses Ijyb.
Ijyb no longer looks unusually strong.
The hobgoblin hits you. Ijyb hits you with a +0 dagger.
Robin roars a battlecry!
Ijyb goes into a battle-frenzy!
The hobgoblin closely misses you.
2884 ||| READING scroll of teleportation.
As you read the scroll of teleportation, it crumbles to dust.
You feel strangely unstable. The goblin misses you.
Robin throws the goblin at you! Ijyb hits you with a +0 dagger.
The goblin barely misses you. The hobgoblin barely misses you.
You shoot an arrow. The arrow closely misses Ijyb.
The goblin no longer looks unusually strong.
The goblin barely misses you.
Robin roars a battlecry!
The goblin goes into a battle-frenzy!
Ijyb hits you but does no damage. The goblin hits you with a +0 club.
The hobgoblin hits you.
You die...

#..~~~~..+#######..#.##
##~~~~~........)...##.#
#~~~~~.......>.....#.#
#~~~~~.............##.
#..~~.~.........#####.
##~~~~~......... ##
##~~~~~~......... #
##~~~~g~.......... #
#~#~~~~~~@g........ #
#~~~~~~~.ggg....... #
######....g....... #
#.............. #
#######........ #
#........ # #........ #
#........ # ......... #


You could see Ijyb (strong), Robin, 2 hobgoblins and 2 goblins.

Vanquished Creatures
  A phantom (D:4)
  A scorpion (D:4)
  A hound (D:4)
  6 adders
  3 dart slugs
  A worm (D:2)
  13 bats
  3 endoplasms
  5 giant cockroaches
  4 hobgoblins
  2 quokkas
  7 ball pythons
  7 frilled lizards
  4 goblins
  3 kobolds
  4 rats
65 creatures vanquished.

Notes
Turn   | Place    | Note
-------+----------+-------------------------------------------
     0 | D:1      | qw the Deep Elf Hunter began the quest for the Orb.
     0 | D:1      | Reached XP level 1. HP: 12/12 MP: 3/3
     0 | D:1      | 0 ||| qw: Version: 0.3-a-9-g12657ce
     0 | D:1      | 0 ||| qw: Game counter: 4115
     0 | D:1      | 0 ||| qw: Always use a shield: true
     0 | D:1      | 0 ||| qw: God list: Okawaru
     0 | D:1      | 0 ||| qw: Allow faded altars: false
     0 | D:1      | 0 ||| qw: Do Orc after D:15 true
     0 | D:1      | 0 ||| qw: Do second Lair branch before Depths: true
     0 | D:1      | 0 ||| qw: Lair rune preference: random
     0 | D:1      | 0 ||| qw: Plans: Normal
     0 | D:1      | 0 ||| PLANNING D:1-11
   366 | D:1      | Reached XP level 2. HP: 16/16 MP: 4/4
   446 | D:1      | Reached skill level 6 in Ranged Weapons
   468 | D:1      | 468 ||| FLEEEEING.
   469 | D:1      | 469 ||| FLEEEEING.
   484 | D:1      | 484 ||| FLEEEEING.
   485 | D:1      | 485 ||| FLEEEEING.
   543 | D:1      | Found a faded altar of an unknown god.
   916 | D:1      | 916 ||| UPGRADING to +0 scale mail.
   926 | D:1      | 926 ||| DROPPING +0 leather armour.
   927 | D:1      | 927 ||| UPGRADING to +0 ring mail.
   937 | D:1      | 937 ||| DROPPING +0 scale mail.
   938 | D:1      | 938 ||| READING scroll labelled AWOTYE HOSMASK.
   939 | D:1      | 939 ||| READING 2 scrolls labelled QAKEMA MAACRO.
   940 | D:1      | 940 ||| READING 3 scrolls labelled PEENKE SIANTO.
   941 | D:1      | 941 ||| READING scroll labelled KARAURGH NUMPO.
   944 | D:1      | 944 ||| READING 2 scrolls labelled LOUVUN JUSEWN.
   945 | D:1      | 945 ||| READING scroll labelled AGITUMM NANEA.
   946 | D:1      | 946 ||| READING scroll labelled FATYUB PAYS.
   947 | D:1      | 947 ||| READING scroll labelled FODAMU CEHYT.
   948 | D:1      | 948 ||| DRINKING 2 emerald potions.
   949 | D:1      | 949 ||| READING 2 scrolls of identify.
   949 | D:1      | 949 ||| IDENTIFYING fizzy amethyst potion
   950 | D:1      | 950 ||| DROPPING scroll of butterflies.
   951 | D:1      | 951 ||| DROPPING scroll of fear.
   952 | D:1      | 952 ||| DROPPING scroll of vulnerability.
   965 | D:2      | You fall into a shaft and drop 1 floor!
  1006 | D:3      | Found a bloodstained altar of Trog.
  1252 | D:3      | Reached XP level 3. HP: 20/20 MP: 5/5
  1288 | D:3      | Found a snail-covered altar of Cheibriados.
  1297 | D:3      | 1297 ||| READING scroll labelled GICIME YDEXASO.
  1298 | D:3      | 1298 ||| READING 3 scrolls of identify.
  1298 | D:3      | 1298 ||| IDENTIFYING glowing sapphire potion
  1299 | D:3      | 1299 ||| DROPPING potion of lignification.
  1301 | D:3      | 1301 ||| Stepping ~*~*~tactically~*~*~ (cloud).
  1304 | D:3      | HP: 5/20 [poisoned by you (poison gas)]
  1308 | D:3      | HP: 2/20 [poisoned by you (poison gas)]
  1394 | D:3      | 1394 ||| STAIRDANCE
  1395 | D:2      | Found a snail-covered altar of Cheibriados.
  1487 | D:2      | Reached skill level 7 in Ranged Weapons
  1544 | D:2      | Reached XP level 4. HP: 25/25 MP: 6/6
  1765 | D:2      | 1765 ||| READING scroll labelled DIEKAH DAMOI.
  1788 | D:3      | Found an ancient bone altar of Kikubaaqudgha.
  2146 | D:4      | Noticed a scorpion
  2155 | D:4      | Killed a scorpion
  2156 | D:4      | Reached skill level 8 in Ranged Weapons
  2156 | D:4      | Reached XP level 5. HP: 22/29 MP: 7/7
  2231 | D:4      | 2231 ||| READING scroll of enchant armour.
  2231 | D:4      | 2231 ||| ENCHANTING +0 ring mail.
  2325 | D:4      | Found a burning altar of Makhleb.
  2457 | D:4      | Reached skill level 9 in Ranged Weapons
  2579 | D:4      | Noticed a phantom
  2601 | D:4      | Killed a phantom
  2808 | D:4      | Reached XP level 6. HP: 36/36 MP: 8/8
  2870 | D:4      | Noticed Ijyb
  2871 | D:4      | Noticed Robin
  2874 | D:4      | 2874 ||| FLEEEEING.
  2875 | D:4      | 2875 ||| FLEEEEING.
  2876 | D:4      | 2876 ||| FLEEEEING.
  2877 | D:4      | 2877 ||| FLEEEEING.
  2883 | D:4      | HP: 7/36 [hobgoblin (5)]
  2883 | D:4      | HP: 3/36 [Ijyb/+0 dagger (4)]
  2884 | D:4      | 2884 ||| READING scroll of teleportation.
  2885 | D:4      | HP: 1/36 [goblin/+0 club (2)]
  2885 | D:4      | Slain by a hobgoblin

Levels and vault maps discovered:
D:1:      psy_arrival_fountain, layout_loops_corners,
          chequers_ecumenical_altar_simple_redux
D:2:      layout_rooms, basic_altar, kennysheep_generic_room_3
D:3:      layout_loops_ring, mainiacjoe_overflow_chevrons,
          mainiacjoe_overflow_surrounded_room, mainiacjoe_overflow_catwalk
D:4:      layout_gridville, makhleb_heckhound_becter, minmay_misc_feat_x,
          chequers_serial_rivers_large_a, grunt_decor_clamped,
          nicolae_goblin_pals

Skill      XL: |  1  2  3  4  5 |
---------------+----------------+-----
Ranged Weapons | 6 7 8 9 |  9.0
Fighting       | 2 |  2.5
Dodging        | |  2.4
Stealth        | |  1.2

Action                     |  1- 3 |  4- 6 || total
---------------------------+-------+-------++-------
   Fire: Shortbow          |   107 |   108 ||   215
    Use: Scroll            |    11 |     3 ||    14
         Potion            |     1 |       ||     1
 Armour: Leather armour    |     3 |       ||     3
         Ring mail         |     7 |    32 ||    39
  Dodge: Dodged            |    22 |    38 ||    60

Table legend:
 A = Non-vault XP
 B = Vault XP
 C = Vault XP percentage of total XP
 D = Non-vault monster count
 E = Vault monster count
 F = Vault count percentage of total count
                 A         B        C        D         E       F
            +---------+---------+-------+---------+---------+-------
      Total |     337 |      57 |  14.5 |      61 |       4 |   6.2
            +---------+---------+-------+---------+---------+-------
        D:1 |      22 |       0 |   0.0 |      12 |       0 |   0.0
        D:2 |      71 |      16 |  18.4 |      21 |       2 |   8.7
        D:3 |      25 |       0 |   0.0 |      19 |       0 |   0.0
        D:4 |     219 |      41 |  15.8 |       9 |       2 |  18.2
            +---------+---------+-------+---------+---------+-------
